[Event "Titled Tuesday Blitz July 26 Late 2022"]
[White "Reprintsev, Alexander"]
[Black "Martinez, Shawn"]
[WhiteFideId "14100541"]
[BlackFideId "2039770"]
[WhiteElo "2108"]
[BlackElo "2174"]
[Result "1-0"]
[Round "10"]
[TimeControl "180+1"]
[Date "2022.07.27"]
[WhiteClock "0:00:17"]
[BlackClock "0:00:14"]

1. e4 c5 2. b3 Nc6 3. Bb2 a6 4. Nf3 d6 5. d4 cxd4 6. Nxd4 Nf6 7. Nxc6 bxc6 8. e5 Nd7 9. exd6 exd6 10. Qf3 d5 11. Bd3 Bb4+ 12. Nd2 Qg5 13. O-O-O O-O 14. h4 Qd8 15. Rhe1 Re8 16. h5 Nf8 17. g4 Rxe1 18. Rxe1 Qg5 19. c3 Bd6 20. Kc2 Bxg4 21. Qg2 Qxh5 22. Rh1 Qg5 23. f3 f5 24. fxg4 fxg4 25. Nf3 Qf4 26. Nd4 Re8 27. b4 Be5 28. Nxc6 g6 29. Qxd5+ Kg7 30. Nxe5 Rxe5 31. c4 Qf2+ 32. Kb3 Nd7 33. Bxe5+ Nxe5 34. Qxe5+ Kg8 35. Qe6+ Kg7 36. Qe7+ Kg8 37. Qxh7+ Kf8 38. Rf1 g3 39. Rxf2+ gxf2 40. Bf1 g5 41. Qg6 g4 42. Qxg4 Ke7 43. Qf3 Ke6 44. Qxf2 Ke5 45. Qd2 Ke4 46. Bd3+ Kf3 47. Bc2 Kg4 48. Qf2 a5 49. bxa5 Kg5 50. Kc3 Kg4 51. Kd4 Kh3 52. Ke5 Kg4 53. Qg2+ Kh5 54. Kf5 Kh6 55. Qg6# 1-0


[Site "https://www.chess.com"]

[Event "Titled Tuesday Blitz July 26 Late 2022"]
[White "Rios Escobar, Adan"]
[Black "Sailer, Mike"]
[WhiteFideId "3403645"]
[BlackFideId "2012901"]
[WhiteElo "2395"]
[BlackElo "2109"]
[Result "0-1"]
[Round "10"]
[TimeControl "180+1"]
[Date "2022.07.27"]
[WhiteClock "0:00:03"]
[BlackClock "0:00:10"]

1. d4 d5 2. Nf3 Bf5 3. c4 e6 4. Nc3 Nc6 5. cxd5 exd5 6. Bf4 Bb4 7. g3 Nf6 8. Bg2 Ne4 9. Qc1 h6 10. O-O Bxc3 11. bxc3 O-O 12. Nd2 Nxd2 13. Qxd2 Na5 14. a4 Nb3 15. Qa2 Nxa1 16. Bxd5 c6 17. Bg2 Nc2 18. e4 Nxd4 19. cxd4 Be6 20. Qb2 Qb6 21. Qc3 Rfd8 22. Be3 Qa6 23. a5 Qc4 24. Rc1 Qxc3 25. Rxc3 f5 26. f3 Rac8 27. Kf2 b6 28. a6 b5 29. Rc5 fxe4 30. fxe4 Bc4 31. Bh3 Rf8+ 32. Ke1 Rc7 33. Kd2 Bf1 34. Bg4 Rf6 35. h4 Rcf7 36. Kc3 Bg2 37. e5 Rf1 38. Be6 Kf8 39. Bxf7 Kxf7 40. Bf4 Bd5 41. Kd2 Rf2+ 42. Ke3 Ra2 43. g4 Rxa6 44. g5 Ra3+ 45. Kd2 hxg5 46. Bxg5 Ke6 47. Bd8 a5 48. Rc1 a4 49. Rg1 Kf7 50. Rf1+ Kg8 51. Be7 Ra2+ 52. Kc3 Rh2 53. Rf8+ Kh7 54. Bg5 Rh3+ 55. Kb4 Rb3+ 56. Kc5 a3 57. Ra8 Rd3 58. Be7 Rc3+ 59. Kb6 a2 60. Ra7 Rc1 0-1


[Site "https://www.chess.com"]

[Event "Titled Tuesday Blitz July 26 Late 2022"]
[White "Rosen, Eric"]
[Black "Petrovic, Aleksa"]
[WhiteFideId "2032562"]
[BlackFideId "967629"]
[WhiteElo "2362"]
[BlackElo "2185"]
[Result "0-1"]
[Round "10"]
[TimeControl "180+1"]
[Date "2022.07.27"]
[WhiteClock "0:00:01"]
[BlackClock "0:00:24"]

1. d4 Nf6 2. Bf4 e6 3. e3 c5 4. Nf3 Qb6 5. Na3 cxd4 6. Nb5 Nd5 7. Qxd4 Qxd4 8. Nfxd4 Nxf4 9. exf4 Bb4+ 10. c3 Ba5 11. Nd6+ Ke7 12. Nxc8+ Rxc8 13. O-O-O a6 14. Bd3 Nc6 15. Nxc6+ Rxc6 16. Rhe1 g6 17. Be4 Rc7 18. Rd3 Rac8 19. g4 b5 20. a3 Bb6 21. Rh3 Bxf2 22. Re2 Bb6 23. Rxh7 Rg8 24. h4 Rcc8 25. Kc2 Rh8 26. Bxg6 Rxh7 27. Bxh7 Rh8 28. Bd3 Rxh4 29. Rg2 Be3 30. f5 Kf6 31. Kb3 Kg5 32. Be2 d5 33. a4 bxa4+ 34. Ka3 Bc5+ 35. Kxa4 exf5 36. b4 Bd6 37. gxf5+ Kxf5 38. Bxa6 d4 39. c4 d3 40. Kb5 Bf4 41. Rg1 d2 42. Rd1 Ke4 43. Bc8 Kd3 0-1


[Site "https://www.chess.com"]

[Event "Titled Tuesday Blitz July 26 Late 2022"]
[White "Sarkar, Justin"]
[Black "Jarocka, Liwia"]
[WhiteFideId "2010011"]
[BlackFideId "21807558"]
[WhiteElo "2006"]
[BlackElo "1840"]
[Result "1-0"]
[Round "10"]
[TimeControl "180+1"]
[Date "2022.07.27"]
[WhiteClock "0:00:08"]
[BlackClock "0:00:39"]

1. e4 e5 2. Nf3 Nc6 3. Bb5 g6 4. d4 exd4 5. c3 dxc3 6. Nxc3 Bg7 7. Bg5 Nge7 8. Nd5 h6 9. Bf6 Bxf6 10. Nxf6+ Kf8 11. Qd2 d6 12. Qc3 Rg8 13. Nh7+ Ke8 14. Nf6+ Kf8 15. Nxg8 Kxg8 16. O-O Qf8 17. Nd4 Qg7 18. Nxc6 bxc6 19. Qxg7+ Kxg7 20. Bd3 Be6 21. f4 f5 22. Rfe1 Kf7 23. b4 Rb8 24. a3 fxe4 25. Bxe4 d5 26. Bd3 Nf5 27. Bxf5 Bxf5 28. Rac1 Bd7 29. Rc5 Rb5 30. Rxb5 cxb5 31. Rc1 c6 32. Kf2 Ke6 33. Ke3 Kd6 34. Kd4 Bf5 35. g3 Be4 36. g4 a6 37. Rf1 a5 38. f5 axb4 39. axb4 gxf5 40. gxf5 Ke7 41. f6+ Kf7 42. Ke5 Bd3 43. Rg1 Bg6 44. Rxg6 Kxg6 45. Ke6 d4 46. f7 d3 47. f8=Q d2 48. Qg8+ 1-0


[Site "https://www.chess.com"]

[Event "Titled Tuesday Blitz July 26 Late 2022"]
[White "Schwabeneder, Florian"]
[Black "Haitin, Ilja"]
[WhiteFideId "1626191"]
[BlackFideId "4501764"]
[WhiteElo "2275"]
[BlackElo "2209"]
[Result "1-0"]
[Round "10"]
[TimeControl "180+1"]
[Date "2022.07.27"]
[WhiteClock "0:01:14"]
[BlackClock "0:00:19"]

1. d4 d5 2. Nf3 Nf6 3. Bf4 c5 4. e3 Nc6 5. c3 Qb6 6. Qc2 Bf5 7. dxc5 Bxc2 8. cxb6 axb6 9. Na3 Be4 10. Nb5 Kd7 11. Ne5+ Nxe5 12. Bxe5 e6 13. f3 Bg6 14. Be2 Bc5 15. Kf2 Rhc8 16. Rhd1 Ke8 17. Nc7+ Rxc7 18. Bxc7 Kd7 19. Be5 Kc6 20. a4 Kd7 21. Bb5+ Kc8 22. Rac1 Be7 23. c4 d4 24. exd4 Nd7 25. Bxg7 f6 26. Bh6 Bb4 27. Be3 Kd8 28. c5 Ke7 29. b3 bxc5 30. dxc5 Ne5 31. h3 Ba3 32. Ra1 Bb2 33. Ra2 Bc3 34. f4 Nc6 35. Rd6 Be4 36. Re2 f5 37. Bc4 Nd8 38. Bd4 Bxd4+ 39. Rxd4 Kf6 40. Rd6 h5 41. Red2 Ke7 42. Rd7+ Ke8 43. Rh7 Nc6 44. Rh8+ 1-0


[Site "https://www.chess.com"]

[Event "Titled Tuesday Blitz July 26 Late 2022"]
[White "Sibilio, Mario"]
[Black "Rose, Felix"]
[WhiteFideId "800422"]
[BlackFideId "5105722"]
[WhiteElo "2296"]
[BlackElo "2039"]
[Result "1-0"]
[Round "10"]
[TimeControl "180+1"]
[Date "2022.07.27"]
[WhiteClock "0:00:02"]
[BlackClock "0:00:06"]

1. e4 e5 2. Nf3 Nc6 3. Bb5 a6 4. Ba4 Nf6 5. d3 b5 6. Bb3 d6 7. a4 Bd7 8. Nc3 Na5 9. Ba2 b4 10. Ne2 h6 11. O-O Be7 12. d4 exd4 13. e5 dxe5 14. Nxe5 b3 15. cxb3 c5 16. b4 cxb4 17. Bxf7+ Kf8 18. Nxd4 Bd6 19. f4 Bxe5 20. fxe5 Bg4 21. Qd2 Kxf7 22. exf6 gxf6 23. Qxb4 Rb8 24. Qd2 Nb3 25. Nxb3 Rxb3 26. h3 Qxd2 27. Bxd2 Be2 28. Rf2 Bd3 29. Bc3 Rb6 30. Rd1 Bg6 31. Rd7+ Ke6 32. Ra7 Rf8 33. Re2+ Kd5 34. Rd7+ Kc4 35. a5 Rc6 36. Red2 Kb3 37. Rb7+ Ka4 38. Rd4+ Rc4 39. Rxc4# 1-0


[Site "https://www.chess.com"]

[Event "Titled Tuesday Blitz July 26 Late 2022"]
[White "Silva, Miguel Antonio Neto"]
[Black "Tinmaz, Kerem"]
[WhiteFideId "1911929"]
[BlackFideId "44559151"]
[WhiteElo "2223"]
[BlackElo "1443"]
[Result "1-0"]
[Round "10"]
[TimeControl "180+1"]
[Date "2022.07.27"]
[WhiteClock "0:00:54"]
[BlackClock "0:00:01"]

1. e4 c6 2. d4 d5 3. e5 Bf5 4. h4 h5 5. Bd3 Bxd3 6. Qxd3 e6 7. Nf3 c5 8. c4 Nc6 9. Nbd2 cxd4 10. O-O Nge7 11. Nb3 Nb4 12. Qd2 Nec6 13. cxd5 Qxd5 14. Nbxd4 Nxd4 15. Qxd4 Qxd4 16. Nxd4 Bc5 17. Nb3 Be7 18. Bd2 Nd3 19. Bc3 Bxh4 20. Rad1 Nf4 21. Rfe1 Nd5 22. Bd4 Be7 23. a3 O-O 24. Na5 Rab8 25. Rc1 b6 26. Nc6 Rb7 27. Rc2 Rc7 28. Rec1 Rfc8 29. Nxe7+ Nxe7 30. Rxc7 1-0


[Site "https://www.chess.com"]

[Event "Titled Tuesday Blitz July 26 Late 2022"]
[White "Silvestre, Christian"]
[Black "Jimenez, Joaquin"]
[WhiteFideId "30956269"]
[BlackFideId "109860"]
[WhiteElo "2319"]
[BlackElo "2163"]
[Result "1-0"]
[Round "10"]
[TimeControl "180+1"]
[Date "2022.07.27"]
[WhiteClock "0:00:45"]
[BlackClock "0:00:19"]

1. d4 Nf6 2. Bg5 Ne4 3. Bc1 Nf6 4. Bg5 Ne4 5. Bc1 d5 6. Nd2 Nf6 7. Ngf3 c5 8. e3 Nc6 9. Bd3 Bg4 10. c3 e6 11. h3 Bh5 12. Qa4 Nd7 13. Bb5 Qc7 14. Bxc6 bxc6 15. O-O Bd6 16. dxc5 Nxc5 17. Qh4 Bg6 18. Nb3 Ne4 19. Nfd2 Be7 20. Qg4 Nf6 21. Qe2 O-O 22. c4 a5 23. cxd5 cxd5 24. Nd4 Bc5 25. N2b3 Bb6 26. Bd2 a4 27. Rac1 Qe7 28. Nc6 Qe8 29. Nbd4 e5 30. Nb5 Be4 31. Bb4 d4 32. Nd6 d3 33. Nxe8 dxe2 34. Nxf6+ gxf6 35. Rfe1 Bd3 36. Bxf8 Kxf8 37. b4 axb3 38. axb3 Ra2 39. b4 Bb5 40. Na5 Rxa5 41. bxa5 Bxa5 42. f3 f5 43. Kf2 f4 44. Rxe2 Bxe2 45. Kxe2 fxe3 46. Kxe3 Bd8 47. Ke4 Bf6 48. Kf5 Kg7 49. Rc6 Bh4 50. Kxe5 f6+ 51. Kf5 Bg5 52. g3 h5 1-0


[Site "https://www.chess.com"]

[Event "Titled Tuesday Blitz July 26 Late 2022"]
[White "Sivakumar, Shaashwath"]
[Black "Pfreundt, Jakob"]
[WhiteFideId "30912156"]
[BlackFideId "12918156"]
[WhiteElo "1823"]
[BlackElo "2345"]
[Result "0-1"]
[Round "10"]
[TimeControl "180+1"]
[Date "2022.07.26"]
[WhiteClock "0:00:05"]
[BlackClock "0:01:04"]

1. d4 d5 2. c4 e6 3. Nc3 c5 4. cxd5 exd5 5. Nf3 Nc6 6. g3 Nf6 7. Bg2 c4 8. O-O Be7 9. Ne5 O-O 10. Bg5 Be6 11. b3 h6 12. Bxf6 Bxf6 13. Nxc6 bxc6 14. bxc4 dxc4 15. e3 c5 16. Ne2 cxd4 17. Nxd4 Bd5 18. Bxd5 Qxd5 19. Qc2 Rfc8 20. Rfd1 Qa5 21. Nf5 Bxa1 22. Rxa1 Qe5 23. Rd1 Rd8 24. Rd4 Rxd4 25. exd4 Qe1+ 26. Kg2 Re8 27. Qxc4 Qe4+ 0-1


[Site "https://www.chess.com"]

[Event "Titled Tuesday Blitz July 26 Late 2022"]
[White "Tanenbaum, Zachary"]
[Black "Zhigalko, Sergei"]
[WhiteFideId "2060850"]
[BlackFideId "13502956"]
[WhiteElo "2175"]
[BlackElo "2662"]
[Result "0-1"]
[Round "10"]
[TimeControl "180+1"]
[Date "2022.07.26"]
[WhiteClock "0:01:04"]
[BlackClock "0:01:57"]

1. e4 c5 2. Nf3 Nc6 3. Nc3 Nf6 4. Bb5 Qc7 5. O-O Nd4 6. Re1 a6 7. Bf1 Ng4 8. g3 Nxf3+ 9. Qxf3 Ne5 10. Qd1 e6 11. d3 Be7 12. f4 Nc6 13. Bg2 O-O 14. Be3 b5 15. Qe2 Bb7 16. Nd1 Rad8 17. c3 d5 18. Nf2 d4 19. Bd2 dxc3 20. bxc3 b4 21. Rab1 a5 22. g4 Ba6 23. Qf3 Bh4 24. Bf1 bxc3 25. Bxc3 Nd4 26. Bxd4 Rxd4 27. Nd1 Bxe1 28. g5 Bd2 29. e5 Bxf4 30. Nf2 Qxe5 31. h4 Be3 0-1


[Site "https://www.chess.com"]

[Event "Titled Tuesday Blitz July 26 Late 2022"]
[White "Todorovic, Bojan"]
[Black "Jian, Alex"]
[WhiteFideId "917087"]
[BlackFideId "30901022"]
[WhiteElo "2266"]
[BlackElo "2095"]
[Result "1-0"]
[Round "10"]
[TimeControl "180+1"]
[Date "2022.07.27"]
[WhiteClock "0:00:15"]
[BlackClock "0:00:05"]

1. d4 d5 2. c4 c6 3. Nf3 Nf6 4. e3 Bf5 5. Nc3 e6 6. Nh4 Bg4 7. Qb3 Qc7 8. h3 Bh5 9. g4 Bg6 10. Nxg6 hxg6 11. Bg2 Nbd7 12. Bd2 Nb6 13. cxd5 exd5 14. Ne2 Bd6 15. Bb4 O-O 16. Bxd6 Qxd6 17. O-O-O Nc4 18. e4 b5 19. e5 Qe7 20. Ng3 Nd7 21. f4 a5 22. Qd3 a4 23. h4 b4 24. h5 g5 25. Nf5 Qd8 26. Ne3 gxf4 27. Nxc4 dxc4 28. Qxc4 Nb6 29. Qxb4 Nd5 30. Bxd5 Qxd5 31. Kb1 Rfb8 32. Qc5 Qg2 33. Qc2 Qxg4 34. Rdg1 Qe6 35. Rg2 Rb4 36. Rhg1 Rab8 37. Rxg7+ Kf8 38. Rg8+ Ke7 39. Qc5+ Kd7 40. Rxb8 Rxb8 41. d5 Qf5+ 42. Ka1 cxd5 43. Qd6+ Ke8 44. Rg8# 1-0


[Site "https://www.chess.com"]

[Event "Titled Tuesday Blitz July 26 Late 2022"]
[White "Toncheva, Nadya"]
[Black "Melaugh, Shane"]
[WhiteFideId "2924056"]
[BlackFideId "2509580"]
[WhiteElo "1888"]
[BlackElo "1938"]
[Result "0-1"]
[Round "10"]
[TimeControl "180+1"]
[Date "2022.07.27"]
[WhiteClock "0:00:01"]
[BlackClock "0:00:07"]

1. e4 c5 2. c3 Nf6 3. e5 Nd5 4. Nf3 Nc6 5. Bc4 Nb6 6. Bb3 d6 7. exd6 e6 8. O-O Bxd6 9. d4 cxd4 10. Nxd4 Nxd4 11. Qxd4 O-O 12. Rd1 Bc7 13. Qg4 Qe7 14. Bg5 f6 15. Be3 Kh8 16. Nd2 e5 17. Qh4 Bf5 18. Nf1 Rad8 19. Ng3 Bg6 20. a4 Rxd1+ 21. Rxd1 Rd8 22. Rxd8+ Qxd8 23. Qb4 h6 24. h4 Nd5 25. Bxd5 Qxd5 26. Bxa7 Bd6 27. Qb5 Qd1+ 28. Kh2 Qg4 29. Qxb7 e4 30. Be3 Qxh4+ 31. Kg1 Bxg3 32. fxg3 Qxg3 33. Bf2 Qd3 34. Qb3 e3 35. Bg3 Qb1+ 36. Kh2 e2 37. Qe6 Qxb2 38. c4 Kh7 39. a5 Qb7 40. a6 Qa7 41. Qxe2 Qxa6 42. Qg4 Qc6 43. Bf2 Be4 44. c5 f5 45. Qf4 Bxg2 46. Qg3 Be4 47. Qf4 Qg6 48. Qg3 Qh5+ 0-1


[Site "https://www.chess.com"]

[Event "Titled Tuesday Blitz July 26 Late 2022"]
[White "Vasquez Schroeder, Rodrigo"]
[Black "Riehle, Marco"]
[WhiteFideId "3400042"]
[BlackFideId "12904392"]
[WhiteElo "2567"]
[BlackElo "2462"]
[Result "1-0"]
[Round "10"]
[TimeControl "180+1"]
[Date "2022.07.26"]
[WhiteClock "0:00:23"]
[BlackClock "0:00:09"]

1. e4 e5 2. Nf3 Nf6 3. d3 Nc6 4. c3 Bc5 5. Be2 d6 6. b4 Bb6 7. a3 a5 8. Bb2 axb4 9. axb4 Rxa1 10. Bxa1 O-O 11. O-O Re8 12. Nbd2 d5 13. b5 Na5 14. Qc2 h6 15. c4 dxc4 16. dxc4 Bd4 17. Nxd4 exd4 18. c5 b6 19. c6 Bf5 20. Bd3 Bg6 21. Re1 Qd6 22. Bb2 Ng4 23. Nf3 f5 24. Bxd4 fxe4 25. Bxe4 Nxh2 26. Bc3 Nxf3+ 27. gxf3 Bxe4 28. Rxe4 Qg6+ 29. Kf1 Rxe4 30. fxe4 Nc4 31. Qd3 Nd6 32. f3 Kh7 33. Be5 Ne8 34. Qd7 Qh5 35. Qf5+ Qxf5 36. exf5 g6 37. fxg6+ Kxg6 38. Kf2 Kf5 39. f4 h5 40. Kg3 Ke6 41. Kh4 Kd5 42. Kxh5 Kc5 43. Kg6 Kxb5 44. Kf7 Kxc6 45. Kxe8 b5 46. f5 Kd5 47. f6 Kxe5 48. f7 c5 49. f8=Q Kd4 50. Qf2+ Kc4 51. Qc2+ Kb4 52. Kd7 c4 53. Kc6 c3 54. Qb1+ Kc4 55. Qxb5+ Kd4 56. Qb1 1-0


[Site "https://www.chess.com"]

[Event "Titled Tuesday Blitz July 26 Late 2022"]
[White "Wagner, Dennis"]
[Black "Medeiros Jr, Francisco De Assis"]
[WhiteFideId "24650684"]
[BlackFideId "2114267"]
[WhiteElo "2355"]
[BlackElo "2020"]
[Result "1-0"]
[Round "10"]
[TimeControl "180+1"]
[Date "2022.07.26"]
[WhiteClock "0:01:52"]
[BlackClock "0:00:59"]

1. e4 c6 2. d4 d5 3. e5 Bf5 4. Nf3 e6 5. Be2 Nd7 6. O-O Ne7 7. a4 Bg6 8. a5 h6 9. b4 a6 10. c3 Nf5 11. Nbd2 Be7 12. Nb3 O-O 13. Bd3 Nh4 14. Nxh4 Bxh4 15. Bxg6 fxg6 16. Qg4 Kh7 17. g3 Be7 18. Qxe6 Rf5 19. g4 Nf8 20. gxf5 gxf5 21. Qxf5+ 1-0


[Site "https://www.chess.com"]

[Event "Titled Tuesday Blitz July 26 Late 2022"]
[White "Zeynalli, Rashad"]
[Black "Przybylski, Wojciech"]
[WhiteFideId "13403320"]
[BlackFideId "1117599"]
[WhiteElo "2125"]
[BlackElo "2133"]
[Result "1-0"]
[Round "10"]
[TimeControl "180+1"]
[Date "2022.07.26"]
[WhiteClock "0:00:11"]
[BlackClock "0:00:06"]

1. d4 d5 2. Bf4 Nf6 3. e3 Bg4 4. f3 Bf5 5. g4 Bg6 6. h4 h5 7. g5 Nfd7 8. c4 c6 9. cxd5 cxd5 10. Nc3 e6 11. Bd3 Bxd3 12. Qxd3 Nb6 13. Nge2 Nc6 14. Rc1 Bd6 15. Kf2 Rc8 16. Nb5 Bxf4 17. Nxf4 g6 18. Nxe6 fxe6 19. Qxg6+ Kd7 20. e4 Qg8 21. Qxg8 Rhxg8 22. exd5 exd5 23. Rcd1 Rcf8 24. Kg3 Nc4 25. Rhe1 Nxb2 26. Rb1 Nd3 27. Re3 Nf4 28. Nxa7 Nxd4 29. Rxb7+ Kd6 30. Nb5+ Nxb5 31. Rxb5 d4 32. Re4 Kc6 33. a4 Nd5 34. Rxd4 Nc7 35. Rc4+ Kd7 36. Rb7 Rc8 37. f4 Rgf8 38. g6 Rf6 39. f5 Rxf5 40. Rf4 Rxf4 41. Kxf4 Rg8 42. Kf5 Kc6 43. Rb1 Nd5 44. Ke6 Rxg6+ 45. Ke5 Nb4 46. Rxb4 Rg1 47. Rc4+ Kd7 48. Re4 Rg3 49. Rf4 Rd3 50. Kf5 Ra3 51. Re4 Kd6 52. Kg5 Rg3+ 53. Kxh5 Rg8 54. Rg4 Rf8 55. Kg6 Ke5 56. Kg7 Re8 57. h5 Re7+ 58. Kg6 Re6+ 59. Kg5 Re8 60. h6 Rg8+ 61. Kh5 Rh8 62. Rg5+ Kf6 63. Rg7 Re8 64. Rg6+ Kf5 65. Rg1 Re5 66. Rf1+ Ke6+ 67. Kg6 Re3 68. h7 Rg3+ 69. Kh6 Rg4 70. Re1+ Kf7 71. Rf1+ Ke6 72. h8=Q Rh4+ 73. Kg7 Rg4+ 74. Kf8 Rg8+ 75. Qxg8+ 1-0


[Site "https://www.chess.com"]

[Event "Titled Tuesday Blitz July 26 Late 2022"]
[White "Zhu, Jiner"]
[Black "Kopczynski, Michal"]
[WhiteFideId "8608059"]
[BlackFideId "1124200"]
[WhiteElo "2281"]
[BlackElo "2235"]
[Result "1-0"]
[Round "10"]
[TimeControl "180+1"]
[Date "2022.07.26"]
[WhiteClock "0:00:15"]
[BlackClock "0:00:09"]

1. d4 Nf6 2. Nf3 g6 3. g3 Bg7 4. Bg2 O-O 5. c4 d6 6. O-O Nc6 7. Nc3 Nd7 8. e3 e5 9. d5 Ne7 10. e4 h6 11. Be3 f5 12. exf5 gxf5 13. Nh4 f4 14. Bd2 Qe8 15. Ne4 Ng6 16. Qh5 Nxh4 17. Qxh4 Qg6 18. Rae1 f3 19. Bh3 Nb6 20. Bxc8 Raxc8 21. b3 Rf5 22. g4 Rf7 23. h3 Nd7 24. Kh2 Rcf8 25. Rg1 Kh7 26. Ng5+ Kg8 27. Nxf7 Rxf7 28. g5 h5 29. Qe4 Rf5 30. Rg3 Nc5 31. Qc2 e4 32. Bc3 Nd3 33. Rxe4 Nxf2 34. Re6 1-0


[Site "https://www.chess.com"]

[Event "Titled Tuesday Blitz July 26 Late 2022"]
[White "Arnold, Ken"]
[Black "Garcia-Castany Musellas, Gal.la"]
[WhiteFideId "2056836"]
[BlackFideId "2241803"]
[WhiteElo "2274"]
[BlackElo "2173"]
[Result "0-1"]
[Round "11"]
[TimeControl "180+1"]
[Date "2022.07.27"]
[WhiteClock "0:00:13"]
[BlackClock "0:00:07"]

1. d4 d5 2. c4 e6 3. Nc3 c5 4. cxd5 exd5 5. Nf3 Nc6 6. e3 Nf6 7. Be2 Be6 8. a3 c4 9. O-O Be7 10. Ne5 O-O 11. f4 Qd6 12. Bf3 a6 13. g4 b5 14. Nxc6 Qxc6 15. f5 Bc8 16. g5 Ne4 17. Bxe4 dxe4 18. Qg4 g6 19. Qxe4 Qxe4 20. Nxe4 Bxf5 21. Nf6+ Bxf6 22. gxf6 Rfe8 23. Rf4 Re6 24. Bd2 Rae8 25. Raf1 Bd3 26. R1f2 h6 27. h4 Kh7 28. d5 Rd6 29. Rd4 Re5 30. e4 Rxe4 31. Rf4 Re2 32. Bb4 Rd7 33. d6 Rxb2 34. Rf2 Rb1+ 35. Kg2 g5 36. hxg5 hxg5 37. Kf3 Kg6 38. Ke3 Rh1 39. Rxd3 cxd3 40. Kxd3 a5 41. Bc5 Rc1 42. Kd4 Rd1+ 43. Ke5 Re1+ 44. Kd5 Rc1 45. Kc6 Rd8 46. d7 Rxc5+ 47. Kxc5 Rxd7 48. Kxb5 Rd5+ 49. Kb6 a4 50. Ka6 Rf5 51. Rg2 Rxf6+ 52. Kb5 Rf4 53. Rb2 f5 54. Rb4 Rxb4+ 55. Kxb4 g4 56. Kxa4 g3 57. Kb4 g2 0-1


[Site "https://www.chess.com"]

[Event "Titled Tuesday Blitz July 26 Late 2022"]
[White "Averjanov, Alexey"]
[Black "Petrovic, Aleksa"]
[WhiteFideId "14109867"]
[BlackFideId "967629"]
[WhiteElo "2609"]
[BlackElo "2185"]
[Result "1-0"]
[Round "11"]
[TimeControl "180+1"]
[Date "2022.07.26"]
[WhiteClock "0:01:47"]
[BlackClock "0:00:01"]

1. d4 Nf6 2. c4 e6 3. Nf3 b6 4. g3 Ba6 5. Nbd2 Bb4 6. Qc2 Bb7 7. Bg2 c5 8. O-O cxd4 9. Nxd4 Bxg2 10. Kxg2 Qc8 11. b3 a6 12. Bb2 b5 13. Rac1 Qb7+ 14. Kg1 O-O 15. Rfd1 Rc8 16. Qb1 Nc6 17. Nxc6 Rxc6 18. Bxf6 Bxd2 19. Rxd2 gxf6 20. cxb5 Rxc1+ 21. Qxc1 axb5 22. Qc3 Rc8 23. Qb2 b4 24. Rc2 Rxc2 25. Qxc2 Kg7 26. f3 Qb6+ 27. Kg2 Qe3 28. Qb2 Kg6 29. h4 f5 30. Kf1 f6 31. a4 bxa3 32. Qxa3 Kf7 33. Qb2 e5 34. b4 e4 35. Kg2 d5 36. b5 Qb6 37. g4 fxg4 38. fxg4 d4 39. Qb3+ Kg7 40. Qc4 d3 41. exd3 exd3 42. Qxd3 Qb7+ 43. Kf2 Qb6+ 44. Ke2 Qe6+ 45. Kd2 Qa2+ 46. Kc3 Qa3+ 47. Kc4 Qa4+ 48. Kd5 Qa2+ 49. Kc6 Qe6+ 50. Qd6 Qe4+ 51. Qd5 Qc2+ 52. Kb7 1-0


[Site "https://www.chess.com"]

[Event "Titled Tuesday Blitz July 26 Late 2022"]
[White "Bartholomew, John"]
[Black "Zeynalli, Rashad"]
[WhiteFideId "2019353"]
[BlackFideId "13403320"]
[WhiteElo "2752"]
[BlackElo "2125"]
[Result "1-0"]
[Round "11"]
[TimeControl "180+1"]
[Date "2022.07.26"]
[WhiteClock "0:00:09"]
[BlackClock "0:00:02"]

1. d4 d5 2. c4 e6 3. Nc3 Nf6 4. cxd5 exd5 5. Bg5 Be7 6. e3 h6 7. Bh4 O-O 8. Bd3 c6 9. Qc2 Nbd7 10. Nf3 Re8 11. O-O Nh5 12. Bxe7 Qxe7 13. Rab1 Nhf6 14. b4 Ne4 15. Bxe4 dxe4 16. Nd2 Nf6 17. b5 Bd7 18. bxc6 Bxc6 19. Nc4 Rac8 20. Ne5 Nd5 21. Rfc1 Nxc3 22. Qxc3 f6 23. Qb3+ Kh7 24. Nxc6 Rxc6 25. Rxc6 bxc6 26. Qb7 Qa3 27. Qxc6 Qxa2 28. Rc1 Qe6 29. Qb7 Re7 30. Qb8 Qb6 31. Qc8 a5 32. h4 a4 33. h5 Qb5 34. Rc5 Qd7 35. Qb8 a3 36. Ra5 Qc7 37. Qxc7 Rxc7 38. Rxa3 Rc1+ 39. Kh2 Rf1 40. Kg3 Rh1 41. Kg4 Rh2 42. Kg3 Rxh5 43. Ra7 Rg5+ 44. Kh3 Rh5+ 45. Kg3 Rg5+ 46. Kh2 Rh5+ 47. Kg1 Kg6 48. Re7 f5 49. Kf1 Kf6 50. Ra7 Rh1+ 51. Ke2 Rb1 52. Ra6+ Kf7 53. g3 Rb2+ 54. Kf1 h5 55. Kg2 g5 56. Rh6 h4 57. gxh4 gxh4 58. Rxh4 Kf6 59. Rh6+ Kg5 60. Rh8 Rd2 61. Rg8+ Kf6 62. Kg3 Kf7 63. Ra8 Kf6 64. Ra6+ Kf7 65. Rb6 Ke7 66. Rh6 Kf7 67. Ra6 Ke7 68. Kf4 Rxf2+ 69. Ke5 Rf3 70. Ra7+ Kd8 71. d5 Rxe3 72. Kxf5 Rd3 73. Ke6 Rh3 74. Ra8+ Kc7 75. d6+ Kc6 76. Rc8+ Kb7 77. d7 Rh6+ 78. Ke5 Rh5+ 79. Kxe4 Rh4+ 80. Kf3 1-0


[Site "https://www.chess.com"]

[Event "Titled Tuesday Blitz July 26 Late 2022"]
[White "Blanco Ronquillo, Humberto L."]
[Black "Golubev, Mikhail"]
[WhiteFideId "3504239"]
[BlackFideId "14100983"]
[WhiteElo "2423"]
[BlackElo "2374"]
[Result "1-0"]
[Round "11"]
[TimeControl "180+1"]
[Date "2022.07.26"]
[WhiteClock "0:00:22"]
[BlackClock "0:00:06"]

1. e4 c5 2. Nf3 d6 3. d4 Nf6 4. Nc3 cxd4 5. Nxd4 g6 6. g3 Nc6 7. Nde2 Bd7 8. Bg2 Qc8 9. h3 Bg7 10. Nd5 O-O 11. a4 Re8 12. Be3 Ne5 13. b3 Nxd5 14. exd5 Bf5 15. Ra2 h5 16. Nd4 Qc3+ 17. Qd2 Rac8 18. Qxc3 Rxc3 19. Kd2 Rec8 20. Nxf5 gxf5 21. Bxa7 Bh6+ 22. Be3 Bxe3+ 23. fxe3 Nd7 24. Rf1 e6 25. dxe6 fxe6 26. Bxb7 R8c7 27. Bf3 Nf6 28. a5 d5 29. a6 1-0


[Site "https://www.chess.com"]

[Event "Titled Tuesday Blitz July 26 Late 2022"]
[White "Bortnyk, Olexandr"]
[Black "Grigoriants, Sergey"]
[WhiteFideId "14120828"]
[BlackFideId "4130804"]
[WhiteElo "2723"]
[BlackElo "2502"]
[Result "0-1"]
[Round "11"]
[TimeControl "180+1"]
[Date "2022.07.26"]
[WhiteClock "0:00:36"]
[BlackClock "0:00:28"]

1. d4 Nf6 2. Nc3 d5 3. Bf4 c6 4. e3 Bf5 5. Nf3 e6 6. Ne5 h6 7. g4 Bh7 8. h4 Nfd7 9. Bd3 Nxe5 10. Bxe5 Bxd3 11. Qxd3 Nd7 12. O-O-O Nxe5 13. dxe5 Be7 14. h5 Qa5 15. a3 O-O-O 16. f4 c5 17. f5 c4 18. Qd2 d4 19. Nb1 c3 20. Qd3 Qxe5 21. bxc3 dxe3 22. Qc4+ Kb8 23. Rxd8+ Rxd8 24. fxe6 fxe6 25. Re1 Bh4 26. Re2 Bg5 27. a4 Qd5 28. Qb5 Rf8 29. Na3 Qa2 30. Qe5+ Ka8 31. Re1 e2+ 32. Qxg5 hxg5 33. Nb1 Rf1 0-1


[Site "https://www.chess.com"]

[Event "Titled Tuesday Blitz July 26 Late 2022"]
[White "Carrasco Miranda, Andres"]
[Black "Melikhov, Evgeny V."]
[WhiteFideId "3405990"]
[BlackFideId "4122046"]
[WhiteElo "2177"]
[BlackElo "1995"]
[Result "1-0"]
[Round "11"]
[TimeControl "180+1"]
[Date "2022.07.27"]
[WhiteClock "0:00:07"]
[BlackClock "0:00:12"]

1. d4 Nf6 2. c3 d5 3. Nf3 c5 4. g3 e6 5. Bg2 Nc6 6. O-O Be7 7. dxc5 Bxc5 8. c4 O-O 9. cxd5 Qxd5 10. Nc3 Qxd1 11. Rxd1 Bd7 12. Bg5 Rfd8 13. Rac1 Be8 14. a3 Rxd1+ 15. Rxd1 Be7 16. Nd4 Nxd4 17. Rxd4 Bc6 18. Bxc6 bxc6 19. Rc4 Rc8 20. Be3 a6 21. Bc5 Nd5 22. Bxe7 Nxe7 23. e4 Rd8 24. Ra4 Rd2 25. Rxa6 g5 26. Ra7 Ng6 27. Rb7 g4 28. a4 Ne5 29. a5 Nf3+ 30. Kf1 Nxh2+ 31. Ke1 Nf3+ 32. Kf1 Nh2+ 33. Kg2 Nf3 34. a6 Rc2 35. a7 Rc1 36. a8=Q+ Kg7 37. Ne2 Ne1+ 38. Kf1 Rb1 39. Qb8 Nf3+ 40. Nc1 Rxc1+ 41. Ke2 Re1+ 42. Kd3 Rd1+ 43. Ke3 Re1+ 44. Kf4 h5 45. Qc7 Kf6 46. Qxf7# 1-0


[Site "https://www.chess.com"]